 Dungeon Crawl Stone Soup version 0.25-a0-860-gf695395b5c (webtiles) character file.

Game seed: 2299233691019539824, levelgen mode: deterministic

4 Esekla the Charmwright (level 1, -1/12 HPs)
             Began as a Deep Elf Skald on Apr 28, 2020.
             Slain by a kobold
             ... wielding a +0 club
              (6 damage)
             ... on level 2 of the Dungeon.
             The game lasted 00:01:47 (272 turns).

Esekla the Charmwright (Deep Elf Skald)              Turns: 272, Time: 00:01:47

Health: -1/12      AC:  3    Str:  8    XL:     1   Next: 58%
Magic:  3/6        EV: 12    Int: 17    God:
Gold:   8          SH:  0    Dex: 14    Spells: 5/6 levels left

rFire    . . .     SeeInvis .   a - +0 falchion
rCold    . . .     Gourm    .   (no shield)
rNeg     . . .     Faith    .   b - +0 leather armour
rPois    .         Spirit   .   (no helmet)
rElec    .         Reflect  .   (no cloak)
rCorr    .         Harm     .   (no gloves)
MR       .....                  (no boots)
Stlth    +.........             (no amulet)
HPRegen  0.04/turn              (no ring)
MPRegen  0.10/turn              (no ring)

@: infused
A: no striking features
a: no special abilities


You were on level 2 of the Dungeon.
You were not hungry.

You visited 1 branch of the dungeon, and saw 2 of its levels.

You collected 8 gold pieces.

Inventory:

Hand Weapons
 a - a +0 falchion (weapon)
Armour
 b - a +0 leather armour (worn)
Scrolls
 e - a scroll of enchant armour {unknown}
 g - a scroll of remove curse {unknown}
Potions
 c - a potion of ambrosia {unknown}
 f - a potion of heal wounds {unknown}
Comestibles
 d - 3 rations


   Skills:
 - Level 1.5 Fighting
 * Level 1.9 Long Blades
 + Level 0.7 Armour
 + Level 2.4 Dodging
 + Level 3.0 Spellcasting
 + Level 4.6 Charms


You had 5 spell levels left.
You knew the following spells:

 Your Spells              Type           Power        Failure   Level  Hunger
a - Infusion              Chrm           ###.         3%          1    None

Your spell library contained the following spells:

 Spells                   Type           Power        Failure   Level  Hunger
 Song of Slaying          Chrm           ###.....     5%          2    ##.....
 Shroud of Golubria       Chrm/Tloc      ##....       14%         2    ##.....
 Magic Dart               Conj           #...         24%         1    None
 Ozocubu's Armour         Chrm/Ice       ##......     28%         3    ###....
 Spectral Weapon          Hex/Chrm       ##......     28%         3    ###....
 Blink                    Tloc           N/A          36%         2    ##.....
 Call Imp                 Summ           #.......     36%         2    ##.....
 Slow                     Hex            #.......     36%         2    ##.....
 Conjure Flame            Conj/Fire      #.......     58%         3    ###....
 Mephitic Cloud           Conj/Pois/Air  #.......     58%         3    ###....


Dungeon Overview and Level Annotations

Branches:
Dungeon (2/15)

Altars:


Message History

You see here a stone.
Found 20 stones and 14 gold pieces.
Found a stone staircase leading up.
You see here a book of Minor Magic.
You pick up a book of Minor Magic and begin reading...
You add the spells Magic Dart, Blink, Call Imp, Slow, Conjure Flame and Mephitic Cloud to your library.
You see here 20 stones.
Casting: Infusion (safe; 3% risk of failure)
Confirm with . or Enter, or press ? or * to list all spells.
You begin infusing your attacks with magical energy.
The kobold hits you but does no damage.
You hit the kobold.
The kobold is heavily wounded.
The kobold misses you.
You riposte.
You hit the kobold.
You kill the kobold!
You barely miss the kobold. The kobold hits you but does no damage.
You closely miss the kobold. The kobold hits you with a +0 club.
You barely miss the kobold. The kobold hits you with a +0 club.
Ouch! That really hurt!
You die...

#.## #... #..# #..#
#.$# #..##
#.#####...#
#.<.@K....#
#######...##
#..##.##
.......#.##
#.#.##...##(#######
## ##....(......#
#.#.#######.#
...#### #.#
##.#<..# ###.##


You could see a kobold.

Vanquished Creatures
  A giant cockroach (D:2)
  A goblin (D:1)
  2 kobolds
4 creatures vanquished.

Notes
Turn   | Place    | Note
-------+----------+-------------------------------------------
     0 | D:1      | Esekla the Deep Elf Skald began the quest for the Orb.
     0 | D:1      | Reached XP level 1. HP: 12/12 MP: 6/6
   272 | D:2      | Slain by a kobold

Levels and vault maps discovered:
D:1:      lightli_molten_gateway, layout_loops_ring
D:2:      layout_loops_ring, elyvilon_altar_1, first_ration

Action                   || total
-------------------------++-------
Melee: Falchion          ||    15
 Cast: Infusion          ||     2
Armor: Leather armour    ||     3
Dodge: Dodged            ||    12
       Rpst.: Falchion   ||     4

Table legend:
 A = Non-vault XP
 B = Vault XP
 C = Vault XP percentage of total XP
 D = Non-vault monster count
 E = Vault monster count
 F = Vault count percentage of total count
                 A         B        C        D         E       F
            +---------+---------+-------+---------+---------+-------
      Total |       7 |       0 |   0.0 |       4 |       0 |   0.0
            +---------+---------+-------+---------+---------+-------
        D:1 |       3 |       0 |   0.0 |       2 |       0 |   0.0
        D:2 |       4 |       0 |   0.0 |       2 |       0 |   0.0
            +---------+---------+-------+---------+---------+-------
